 Dungeon Sprint DCSS version 0.30.1-6-gbe392663c4 (webtiles) character file.

Game seed: 10322691490689956637

3304 Heoruswealwe the Impaler (level 9, 0/94 HPs)
             Began as a Minotaur Fighter on Sept 20, 2023.
             Was a Believer of the Shining One.
             Slain by a four-headed hydra (6 damage)
             ... in the Dungeon (Sprint IX: "|||||||||||||||||||||||||||||").
             The game lasted 00:05:21 (469 turns).

Heoruswealwe the Impaler (Minotaur Fighter)          Turns: 469, Time: 00:05:22

Health: 0/94       AC: 19    Str: 25    XL:     9   Next: 70%
Magic:  8/8        EV:  9    Int:  5    God:    the Shining One [**....]
Gold:   0          SH:  4    Dex: 10    Spells: 8/8 levels left

rFire   . . .        a - +0 trident
rCold   . . .        d - +0 buckler
rNeg    + . .        c - +1 chain mail
rPois   .            (helmet restricted)
rElec   .            h - +0 cloak
rCorr   .            (no gloves)
SInv    .            (no boots)
Will    .....        (no amulet) Stlth
                     k - +2 ring of protection
HPRegen 0.35/turn    j - +2 ring of protection
MPRegen 0.11/turn

%: no teleportation
@: glowing
A: horns 2, retaliatory headbutt
a: Renounce Religion, Divine Shield


You were in the Dungeon.
You worshipped the Shining One.
The Shining One was pleased with you.
You visited 1 branch

Inventory:

Hand Weapons
 a - a +0 trident (weapon)
Armour
 c - a +1 chain mail (worn)
 d - a +0 buckler (worn)
 h - a +0 cloak (worn)
Jewellery
 j - a +2 ring of protection (right hand)
 k - a +2 ring of protection (left hand)
Wands
 f - a wand of quicksilver (10)
Scrolls
 i - 2 scrolls of blinking


   Skills:
 + Level 13.9 Fighting
 * Level 18.7 Polearms
 + Level 13.9 Armour
 - Level 3.6 Shields


You had 8 spell levels left.
You didn't know any spells.
Your spell library was empty.

Dungeon Overview and Level Annotations

Branches:
Dungeon (1/1)

Altars:
Cheibriados
Dithmenos
Elyvilon
Fedhas
Gozag
Hepliaklqana
Kikubaaqudgha
Makhleb
Nemelex Xobeh
Okawaru
Qazlal
Ru
Sif Muna
Trog
Uskayaw
Vehumet
Wu Jian
Xom
Yredelemnul
Zin
The Shining One
Jiyva
Lugonu


Innate Abilities, Weirdness & Mutations

You have a pair of horns on your head.
You reflexively headbutt those who attack you in melee.


Message History

* * * LOW HITPOINT WARNING * * *
You feel better. The four-headed hydra bites you.
The four-headed hydra closely misses you.
The four-headed hydra bites you.
The four-headed hydra closely misses you.
You feel better. The four-headed hydra bites you!
* * * LOW HITPOINT WARNING * * *
The four-headed hydra barely misses you.
The four-headed hydra bites you but does no damage.
The four-headed hydra barely misses you.
You feel better.
The four-headed hydra bites you but does no damage. x2
The four-headed hydra barely misses you.
You block the four-headed hydra's attack.
You puncture the four-headed hydra!
The four-headed hydra is moderately wounded.
You puncture the four-headed hydra! You headbutt the four-headed hydra.
The four-headed hydra is heavily wounded.
The four-headed hydra bites you but does no damage.
The four-headed hydra bites you.
* * * LOW HITPOINT WARNING * * *
The four-headed hydra bites you.
* * * LOW HITPOINT WARNING * * *
The four-headed hydra bites you but does no damage.
You puncture the four-headed hydra!
The four-headed hydra is heavily wounded.
The four-headed hydra bites you but does no damage. x2
The four-headed hydra bites you!
* * * LOW HITPOINT WARNING * * *
The four-headed hydra bites you.
* * * LOW HITPOINT WARNING * * *
You puncture the four-headed hydra! You headbutt the four-headed hydra.
The four-headed hydra is severely wounded.
You hit the four-headed hydra. You headbutt the four-headed hydra.
The four-headed hydra is almost dead.
The four-headed hydra bites you but does no damage.
The four-headed hydra bites you.
* * * LOW HITPOINT WARNING * * *
The four-headed hydra bites you.
You die... ▓▓▓▓▓▓▓▓▓▓▓▓▓▓▓▓▓▓▓▓▓▓▓▓ +.....D@.....)'....[[)?! ▓▓▓▓▓▓▓▓▓▓▓▓▓▓▓▓▓▓▓▓▓▓▓▓

You could see a four-headed hydra.

Vanquished Creatures
  2 two-headed ogres (D)
  A centaur warrior (D)
  A manticore (D)
  A cyclops (D)
  A wyvern (D)
  A basilisk (D)
  A yak (D)
  2 water moccasins (D)
  A centaur (D)
  A scorpion (D)
  A howler monkey (D)
  An orc priest (D)
  An orc wizard (D)
  An orc (D)
  A goblin (D)
  2 jackals (D)
  A kobold (D)
  A rat (D)
21 creatures vanquished.

Notes
Turn   | Place    | Note
-------+----------+-------------------------------------------
     0 | D        | Heoruswealwe the Minotaur Fighter began the quest for the
                  | Orb.
     0 | D        | Reached XP level 1. HP: 19/19 MP: 0/0
     9 | D        | Reached skill level 3 in Polearms
    23 | D        | Noticed a water moccasin
    23 | D        | Noticed an orc priest
    23 | D        | Noticed a water moccasin
    23 | D        | Noticed a scorpion
    29 | D        | HP: 1/20 [orc priest/divine providence (15)]
    35 | D        | Killed a scorpion
    36 | D        | Reached skill level 5 in Fighting
    36 | D        | Reached skill level 6 in Polearms
    36 | D        | Reached skill level 5 in Armour
    36 | D        | Reached XP level 2. HP: 19/30 MP: 1/1
    36 | D        | Reached XP level 3. HP: 23/37 MP: 2/2
    40 | D        | Killed a water moccasin
    41 | D        | Reached skill level 9 in Polearms
    41 | D        | Reached XP level 4. HP: 24/47 MP: 3/3
    41 | D        | Reached XP level 5. HP: 27/52 MP: 4/4
    46 | D        | Killed a water moccasin
    47 | D        | Reached skill level 11 in Polearms
    47 | D        | Reached XP level 6. HP: 27/62 MP: 5/5
   193 | D        | Found a snail-covered altar of Cheibriados.
   193 | D        | Found a shadowy altar of Dithmenos.
   193 | D        | Found a white marble altar of Elyvilon.
   193 | D        | Found a blossoming altar of Fedhas.
   193 | D        | Found an opulent altar of Gozag.
   194 | D        | Found a hazy altar of Hepliaklqana.
   195 | D        | Found a viscous altar of Jiyva.
   196 | D        | Found an ancient bone altar of Kikubaaqudgha.
   197 | D        | Found a corrupted altar of Lugonu.
   198 | D        | Found a burning altar of Makhleb.
   199 | D        | Found a sparkling altar of Nemelex Xobeh.
   200 | D        | Found an iron altar of Okawaru.
   201 | D        | Found a stormy altar of Qazlal.
   202 | D        | Found a sacrificial altar of Ru.
   203 | D        | Found a shimmering blue altar of Sif Muna.
   204 | D        | Found a bloodstained altar of Trog.
   205 | D        | Found a hide-covered altar of Uskayaw.
   206 | D        | Found a radiant altar of Vehumet.
   207 | D        | Found an ornate altar of the Wu Jian Council.
   208 | D        | Found a shimmering altar of Xom.
   209 | D        | Found a basalt altar of Yredelemnul.
   210 | D        | Found a glowing silver altar of Zin.
   211 | D        | Found a glowing golden altar of the Shining One.
   219 | D        | Became a worshipper of the Shining One
   257 | D        | Noticed a two-headed ogre
   257 | D        | Noticed a wyvern
   257 | D        | Noticed a yak
   257 | D        | Reached * piety under the Shining One
   261 | D        | Reached skill level 12 in Polearms
   273 | D        | Killed a yak
   274 | D        | Reached skill level 13 in Polearms
   274 | D        | Reached XP level 7. HP: 59/71 MP: 6/6
   284 | D        | Killed a wyvern
   285 | D        | Reached skill level 10 in Fighting
   285 | D        | Reached skill level 10 in Armour
   290 | D        | Killed a two-headed ogre
   291 | D        | Reached skill level 15 in Polearms
   291 | D        | Reached XP level 8. HP: 37/83 MP: 7/7
   430 | D        | Noticed a four-headed hydra
   430 | D        | Noticed a cyclops
   430 | D        | Noticed a manticore
   430 | D        | Reached ** piety under the Shining One
   430 | D        | Noticed a two-headed ogre
   430 | D        | Noticed a centaur warrior
   441 | D        | Killed a centaur warrior
   442 | D        | Reached skill level 17 in Polearms
   442 | D        | Reached XP level 9. HP: 82/92 MP: 8/8
   449 | D        | Killed a two-headed ogre
   454 | D        | Killed a manticore
   455 | D        | Reached skill level 18 in Polearms
   459 | D        | Killed a cyclops
   469 | D        | Slain by a four-headed hydra

Illustrated notes

Levels and vault maps discovered:
D:        linesprint [early_d, line_temple, items_1, d_10, items_2, lair_1,
          lair_end, items_3, orc_1, orc_end, items_4, d_15, swamp_1, shoals_1,
          snake_1, spider_1, d_20, vaults_1, items_5, swamp_end, shoals_end,
          snake_end, spider_end, vaults_end, d_27, items_6, zot_1, zot_end,
          crypt_end, forest_end, elf_end, slime_end, tomb_end, abyss_end,
          pan_hell_end]

Skill      XL: |  1  2  3  4  5  6  7  8  9 |
---------------+----------------------------+-----
Polearms       | 6 9 11 13 15 17 18 | 18.7
Fighting       | 5 7 8 9 11 12 13 | 13.9
Armour         | 5 7 8 9 11 12 13 | 13.9
Shields        | |  3.6

Action                     |  1- 3 |  4- 6 |  7- 9 || total
---------------------------+-------+-------+-------++-------
  Melee: Trident           |    24 |    22 |    53 ||    99
         Headbutt          |     6 |     6 |    18 ||    30
    Use: Potion            |     5 |       |     6 ||    11
 Armour: Scale mail        |     8 |     1 |       ||     9
         Chain mail        |       |     6 |    26 ||    32
  Dodge: Dodged            |     7 |     4 |    17 ||    28
  Block: Buckler           |     6 |     2 |     6 ||    14
